 Dungeon Sprint DCSS version 0.29.1-1-gd02db6906a (webtiles) character file.

Game seed: 15776439473407470839

2713 boopmooplesden the Severer (level 9, -5/91 HPs)
             Began as a Minotaur Fighter on Oct 12, 2022.
             Was an Elder of Trog.
             Succumbed to a redback's poison
             ... in the Dungeon (Sprint III: "The Ten Rune Challenge").
             The game lasted 00:04:17 (1844 turns).

boopmooplesden the Severer (Minotaur Fighter)       Turns: 1844, Time: 00:04:17

Health: -5/91      AC:  9    Str: 23    XL:     9   Next: 39%
Magic:  8/8        EV: 12    Int:  5    God:    Trog [****..]
Gold:   46         SH:  6    Dex: 12    Spells: 8/8 levels left

rFire   . . .      SeeInvis .   a - +0 war axe
rCold   . . .      Faith    .   c - +0 buckler
rNeg    . . .      Spirit   .   b - +0 scale mail
rPois   .          Reflect  .   (helmet restricted)
rElec   .          Harm     .   (no cloak)
rCorr   .          Rampage  .   (no gloves)
Will    .....      NoTele   +   (no boots)
Stlth   ..........              (no amulet)
HPRegen 0.25/turn               (no ring)
MPRegen 0.11/turn               (no ring)

@: lethally poisoned (-5 -> -46)
A: horns 2, retaliatory headbutt
a: Renounce Religion, Berserk, Trog's Hand, Brothers in Arms


You were in the Dungeon.
You worshipped Trog.
Trog was greatly pleased with you.
You visited 1 branch You collected 46 gold pieces.

Inventory:

Hand Weapons
 a - a +0 war axe (weapon)
Armour
 b - a +0 scale mail (worn)
 c - a +0 buckler (worn)
Wands
 d - a wand of polymorph (11)
Scrolls
 j - a scroll of blinking
 l - a scroll of poison {unknown}
 m - 2 scrolls of identify {unknown}
 p - a scroll of torment {unknown}
Potions
 e - 2 potions of curing
 f - a potion of heal wounds
 g - 2 potions of haste
 h - 2 potions of magic
 i - a potion of berserk rage
 k - 2 potions of mutation {unknown}
 n - a potion of invisibility {unknown}
 o - 3 potions of flight
Miscellaneous
 q - a phantom mirror


   Skills:
 + Level 12.3 Fighting
 + Level 15.0 Axes
 + Level 14.1 Armour
 + Level 5.0 Dodging
 + Level 10.7 Shields


You had 8 spell levels left.
You didn't know any spells.
Your spell library was empty.

Dungeon Overview and Level Annotations

Branches:
Dungeon (1/1)

Altars:
Cheibriados
Dithmenos
Elyvilon
Fedhas
Gozag
Hepliaklqana
Kikubaaqudgha
Makhleb
Nemelex Xobeh
Okawaru
Qazlal
Ru
Sif Muna
Trog
Uskayaw
Vehumet
Wu Jian
Xom
Yredelemnul
Zin
The Shining One
Jiyva
Lugonu


Innate Abilities, Weirdness & Mutations

You have a pair of horns on your head.
You reflexively headbutt those who attack you in melee.


Message History

a +0 giant spiked club; a +0 giant club You feel sick.
You feel sick.
You are no longer poisoned.
You start resting.
You feel yourself speed up.
You start resting.
You recover from your berserk rage.
You start resting.
A redback comes into view.
You slash the redback!
The redback is heavily wounded.
The redback bites you!
You are poisoned.
The redback poisons you!
You barely miss the redback.
The redback is heavily wounded.
You feel very sick. The redback bites you! x2
You are lethally poisoned!
The redback poisons you!
You hit the redback but do no damage. Your headbutt misses the redback.
The redback is heavily wounded.
You feel extremely sick. The redback barely misses you.
You slash the redback! Your headbutt misses the redback.
The redback is almost dead.
* * * LOW HITPOINT WARNING * * *
You feel extremely sick. The redback bites you!
* * * LOW HITPOINT WARNING * * *
You closely miss the redback.
The redback is almost dead.
* * * LOW HITPOINT WARNING * * *
You feel extremely sick. The redback closely misses you.
You slash the redback!
You kill the redback!
Trog accepts your kill.
You die...

'#'###)## ........# ........#
.######'#
.#__#...#+##############
.#__#...#....#.#.#.....#
##__#...##.#..#.##.###.#
.#__#...'##)#.#.##)#.)##
_#__'...#.))#..#@.##..'......
▓▓▓▓▓▓▓▓▓▓▓▓▓▓▓▓▓▓▓▓▓▓#..^.^^
.s...^ ..^.. ...^. ####


There were no monsters in sight!

Vanquished Creatures
  Erolcha (D)
  A deep elf pyromancer (D)
  A shadow (D)
  2 redbacks (D)
  A spatial vortex (D)
  5 two-headed ogres (D)
  A necrophage (D)
  A water elemental (D)
  A jelly (D)
  A wizard (D)
  Jessica (D)
  A necromancer (D)
  3 humans (D)
  A kobold demonologist (D)
  A wolf (D)
  An endoplasm (D)
  2 rats (D)
25 creatures vanquished.

Notes
Turn   | Place    | Note
-------+----------+-------------------------------------------
     0 | D        | boopmooplesden the Minotaur Fighter began the quest for the
                  | Orb.
     0 | D        | Reached XP level 1. HP: 19/19 MP: 0/0
    24 | D        | Noticed Jessica
    28 | D        | Killed Jessica
    29 | D        | Reached skill level 5 in Fighting
    29 | D        | Reached skill level 3 in Axes
    29 | D        | Reached skill level 5 in Armour
    29 | D        | Reached skill level 5 in Shields
    29 | D        | Reached XP level 2. HP: 15/29 MP: 1/1
   184 | D        | Reached XP level 3. HP: 36/36 MP: 2/2
   497 | D        | Noticed a water elemental
   499 | D        | Killed a water elemental
   500 | D        | Reached skill level 4 in Axes
   500 | D        | Reached XP level 4. HP: 45/45 MP: 3/3
   513 | D        | Found a basalt altar of Yredelemnul.
   513 | D        | Found a shadowy altar of Dithmenos.
   513 | D        | Found a sacrificial altar of Ru.
   513 | D        | Noticed a necrophage
   515 | D        | Killed a necrophage
   516 | D        | Reached skill level 5 in Axes
   516 | D        | Reached XP level 5. HP: 52/53 MP: 4/4
   520 | D        | Reached skill level 6 in Axes
   533 | D        | Found a hide-covered altar of Uskayaw.
   533 | D        | Found an iron altar of Okawaru.
   533 | D        | Found a bloodstained altar of Trog.
   533 | D        | Found an ornate altar of the Wu Jian Council.
   533 | D        | Noticed a human
   534 | D        | Noticed a human
   544 | D        | Killed a human
   545 | D        | Reached skill level 7 in Axes
   545 | D        | Reached skill level 1 in Dodging
   545 | D        | Reached XP level 6. HP: 9/62 MP: 5/5
   547 | D        | Killed a human
   548 | D        | Reached skill level 8 in Axes
   548 | D        | Reached skill level 10 in Armour
   557 | D        | Became a worshipper of Trog the Wrathful
   855 | D        | Found a radiant altar of Vehumet.
   855 | D        | Found a shimmering blue altar of Sif Muna.
   855 | D        | Found an ancient bone altar of Kikubaaqudgha.
   858 | D        | Noticed a neqoxec
   864 | D        | Reached * piety under Trog
   865 | D        | Reached XP level 7. HP: 64/70 MP: 6/6
   881 | D        | Found a glowing silver altar of Zin.
   881 | D        | Found a glowing golden altar of the Shining One.
   881 | D        | Found a white marble altar of Elyvilon.
   882 | D        | Noticed a deep elf pyromancer
   886 | D        | Noticed a fire elemental
   886 | D        | Noticed a fire elemental
   891 | D        | Killed a deep elf pyromancer
   892 | D        | Reached skill level 10 in Fighting
   892 | D        | Reached skill level 10 in Axes
  1183 | D        | Noticed a shadow
  1187 | D        | Reached ** piety under Trog
  1188 | D        | Killed a shadow
  1189 | D        | Reached skill level 11 in Axes
  1189 | D        | Reached XP level 8. HP: 81/81 MP: 7/7
  1196 | D        | Found a blossoming altar of Fedhas.
  1196 | D        | Found a stormy altar of Qazlal.
  1196 | D        | Found a snail-covered altar of Cheibriados.
  1196 | D        | Found a burning altar of Makhleb.
  1196 | D        | Found a shimmering altar of Xom.
  1197 | D        | Found a hazy altar of Hepliaklqana.
  1197 | D        | Found an opulent altar of Gozag.
  1197 | D        | Found a sparkling altar of Nemelex Xobeh.
  1197 | D        | Found a corrupted altar of Lugonu.
  1197 | D        | Found a viscous altar of Jiyva.
  1222 | D        | Reached skill level 10 in Shields
  1277 | D        | Reached *** piety under Trog
  1278 | D        | Reached skill level 12 in Axes
  1428 | D        | Noticed a two-headed ogre
  1433 | D        | Killed a two-headed ogre
  1637 | D        | Noticed Erolcha
  1637 | D        | Noticed a two-headed ogre
  1642 | D        | Killed Erolcha
  1643 | D        | Reached skill level 14 in Axes
  1643 | D        | Reached XP level 9. HP: 90/90 MP: 8/8
  1649 | D        | Killed a two-headed ogre
  1649 | D        | Reached **** piety under Trog
  1658 | D        | Reached skill level 15 in Axes
  1658 | D        | Reached skill level 5 in Dodging
  1843 | D        | HP: 4/91 [poisoned by a redback]
  1844 | D        | Succumbed to a redback's poison

Illustrated notes

Levels and vault maps discovered:
D:        dungeon_sprint_mu [sprint_mu_entry_cave, sprint_mu_temple_rooms,
          sprint_mu_d1_spiders, sprint_mu_d2_genie, sprint_mu_d3_branching,
          sprint_mu_orc_legion, sprint_mu_elf_gauntlet, sprint_mu_hive_nellie,
          sprint_mu_lair_fedhas, sprint_mu_vaults_butterflies,
          sprint_mu_slime_circle, sprint_mu_shoals_archi,
          sprint_mu_snake_twists, sprint_mu_blade_basic,
          sprint_mu_crypt_fortress, sprint_mu_tomb_spiral,
          sprint_mu_vestibule_basic, sprint_mu_gehenna_hellfire,
          sprint_mu_dis_giant, sprint_mu_tartarus_statrot,
          sprint_mu_cocytus_islands, sprint_mu_zot1]

Skill      XL: |  1  2  3  4  5  6  7  8  9 |
---------------+----------------------------+-----
Fighting       | 5 6 7 8 9 10 12 | 12.3
Armour         | 5 7 8 9 10 12 13 14 | 14.1
Shields        | 5 6 7 8 9 10 | 10.7
Axes           | 3 4 5 7 8 11 14 15 | 15.0
Dodging        | 1 2 3 4 5 |  5.0

Action                   |  1- 3 |  4- 6 |  7- 9 || total
-------------------------+-------+-------+-------++-------
Melee: War axe           |    21 |    26 |    46 ||    93
       Headbutt          |       |     5 |    11 ||    16
Invok: Berserk           |       |       |     5 ||     5
  Use: Potion            |     1 |     1 |       ||     2
Armor: Scale mail        |     4 |     9 |     5 ||    18
Dodge: Dodged            |    12 |    13 |    14 ||    39
Block: Buckler           |     2 |     5 |     9 ||    16
